 Dungeon Crawl Stone Soup version 0.23.2-33-g5129a83 (webtiles) character file.

Game seed: 2266464907820129206

89 Arctor the Conjurer (level 4, -5/24 HPs)
             Began as a Gargoyle Wizard on July 11, 2019.
             Slain by a gnoll
             ... wielding a +3 whip of freezing
              (10 damage)
             ... on level 3 of the Dungeon.
             The game lasted 00:06:50 (2962 turns).

Arctor the Conjurer (Gargoyle Wizard)               Turns: 2962, Time: 00:06:51

Health: -5/24      AC:  5    Str: 11    XL:     4   Next: 55%
Magic:  1/8        EV: 12    Int: 19    God:
Gold:   178        SH:  0    Dex:  8    Spells: 0/9 levels left

rFire    + . .     SeeInvis .   c - +0 club
rCold    . . .     Gourm    .   (no shield)
rNeg     + . .     Faith    .   a - +0 robe
rPois    ∞         Spirit   .   b - +0 hat
rElec    +         Reflect  .   (no cloak)
rCorr    .         Harm     .   (no gloves)
MR       .....                  (no boots)
Stlth    ++........             (no amulet)
HPRegen  0.08/turn              k - ring of protection from fire
MPRegen  0.11/turn              (no ring)

@: no status effects
A: negative energy resistance 1, electricity resistance, unbreathing,
petrification resistance, rot immunity, AC +3
a: no special abilities


You were on level 3 of the Dungeon.
You were not hungry.

You visited 1 branch of the dungeon, and saw 3 of its levels.

You collected 178 gold pieces.

Inventory:

Hand Weapons
 c - a +0 club (weapon)
Armour
 a - a +0 robe (worn)
 b - a +0 hat (worn)
Jewellery
 k - a ring of protection from fire (left hand)
Scrolls
 i - 2 scrolls of remove curse
 j - a scroll of enchant weapon {unknown}
 m - a scroll of enchant armour {unknown}
 r - a scroll of fear {unknown}
Potions
 e - 2 potions of might {unknown}
 f - 2 potions of heal wounds
 g - a potion of flight {unknown}
 h - a potion of brilliance {unknown}
 l - a potion of ambrosia {unknown}
 n - a potion of curing {unknown}
 o - a potion of cancellation {unknown}
 p - a potion of lignification {unknown}
Comestibles
 d - 3 rations


   Skills:
 - Level 1.5 Dodging
 - Level 2.1 Stealth
 - Level 3.0 Spellcasting
 + Level 4.7 Conjurations
   Level 0.8 Summonings
 - Level 0.8 Translocations


You couldn't memorise any spells.
You knew the following spells:

 Your Spells              Type           Power        Failure   Level  Hunger
a - Magic Dart            Conj           ###.         2%          1    None
b - Conjure Flame         Conj/Fire      ##......     17%         3    ###....
c - Mephitic Cloud        Conj/Pois/Air  #.......     24%         3    ###....
d - Blink                 Tloc           N/A          16%         2    ##.....

Your spell library contained the following spells:

 Spells                   Type           Power        Failure   Level  Hunger
 Call Imp                 Summ           #.......     16%         2    ##.....
 Slow                     Hex            #.......     22%         2    ##.....


Dungeon Overview and Level Annotations

Branches:
Dungeon (3/15)

Altars:
Qazlal
Uskayaw


Innate Abilities, Weirdness & Mutations

You are resistant to torment.
Your stone body is resilient. (AC +3)
You are immune to poison.
You resist negative energy. (rN+)
You are resistant to electric shocks. (rElec)
You can survive without breathing.
You are immune to petrification.
You are immune to rotting.


Message History

The stinking cloud engulfs you but does no damage.
The stinking cloud engulfs the goblin but does no damage.
The goblin is engulfed in noxious fumes.
The goblin appears confused.
The gnoll is engulfed in noxious fumes.
The gnoll appears confused.
You barely miss the gnoll.
The gnoll is lightly wounded.
The goblin barely misses the gnoll.
The gnoll is engulfed in noxious fumes.
The gnoll appears confused.
The gnoll hits you with a +3 whip of freezing.
* * * LOW HITPOINT WARNING * * *
The gnoll freezes you.
* * * LOW HITPOINT WARNING * * *
The goblin barely misses the gnoll.
The goblin hits itself.
You see here a +0 halberd.
You hit the gnoll.
The gnoll is severely wounded.
The gnoll is engulfed in noxious fumes.
The gnoll appears confused.
The gnoll hits you with a +3 whip of freezing!
You die...

## . .. .
#################.####.
♣.....@g.g.............
########°#####.######..
#.#####.#(......
#.#........g....
#g#.#########)#. #..
#.# ### #..... #=....
......?


You could see a gnoll (confused) and a goblin (confused).

Vanquished Creatures
  2 gnolls
  2 adders (D:2)
  3 dart slugs
  2 leopard geckos
  4 giant cockroaches
  A goblin (D:1)
  3 hobgoblins (D:1)
  6 jackals
  6 kobolds
  10 bats
  2 frilled lizards
  4 rats (D:1)
45 creatures vanquished.

Notes
Turn   | Place    | Note
-------+----------+-------------------------------------------
     0 | D:1      | Arctor the Gargoyle Wizard began the quest for the Orb.
     0 | D:1      | Reached XP level 1. HP: 10/10 MP: 4/4
   110 | D:1      | Reached skill level 2 in Conjurations
   110 | D:1      | Reached XP level 2. HP: 12/15 MP: 1/6
   700 | D:1      | Reached skill level 3 in Conjurations
   759 | D:1      | Reached XP level 3. HP: 8/19 MP: 2/7
  1944 | D:2      | Found a stormy altar of Qazlal.
  2009 | D:2      | Reached skill level 4 in Conjurations
  2012 | D:2      | Reached XP level 4. HP: 19/24 MP: 0/8
  2023 | D:2      | Found a hide-covered altar of Uskayaw.
  2865 | D:2      | Learned a level 3 spell: Conjure Flame
  2869 | D:2      | Learned a level 3 spell: Mephitic Cloud
  2872 | D:2      | Learned a level 2 spell: Blink
  2962 | D:3      | Slain by a gnoll

Skill      XL: |  1  2  3 |
---------------+----------+-----
Conjurations   | 2 3 4 |  4.7
Dodging        | |  1.5
Stealth        | |  2.1
Spellcasting   | |  3.0
Summonings     | |  0.8
Translocations | |  0.8

Action                   |  1- 3 |  4- 6 || total
-------------------------+-------+-------++-------
Melee: Unarmed           |    14 |       ||    14
       Club              |   154 |    38 ||   192
 Cast: Magic Dart        |    29 |    47 ||    76
       Mephitic Cloud    |       |     2 ||     2
  Use: Potion            |     2 |       ||     2
       Scroll            |       |     1 ||     1
 Stab: Sleeping          |     4 |       ||     4
  Eat: Chunk             |     3 |     4 ||     7
Armor: Robe              |    90 |    22 ||   112
Dodge: Dodged            |   177 |    44 ||   221
